 Dungeon Crawl Stone Soup version 0.26-a0-1139-g7d2dc893a1 (webtiles) character file.

Game seed: 7906711358131851932

14 sahdkjhfkaj the Grave Robber (level 2, 0/21 HPs)
             Began as a Barachi Necromancer on Dec 21, 2020.
             Slain by a bat (1 damage)
             ... on level 1 of the Dungeon.
             The game lasted 00:01:00 (695 turns).

sahdkjhfkaj the Grave Robber (Barachi Necromancer)   Turns: 695, Time: 00:01:01

Health: 0/21       AC:  2    Str:  9    XL:     2   Next: 41%
Magic:  0/5        EV: 12    Int: 15    God:
Gold:   14         SH:  0    Dex: 12    Spells: 4/5 levels left

rFire    . . .     SeeInvis .   a - +0 dagger
rCold    . . .     Faith    .   (no shield)
rNeg     . . .     Spirit   .   b - +0 robe
rPois    .         Reflect  .   (no helmet)
rElec    .         Harm     .   (no cloak)
rCorr    .         Rampage  .   (no gloves)
Will     .....                  (no boots)
Stlth    ++........             (no amulet)
HPRegen  0.07/turn              (no ring)
MPRegen  0.09/turn              (no ring)

@: can't hop, very slightly contaminated, slow
A: +LOS, swims, slowness 1, strong legs 1
a: Hop


You were on level 1 of the Dungeon.
You visited 1 branch of the dungeon, and saw 1 of its levels.

You collected 14 gold pieces.

Inventory:

Hand Weapons
 a - a +0 dagger (weapon)
Armour
 b - a +0 robe (worn)


   Skills:
 + Level 1.6 Fighting
 - Level 2.1 Dodging
 - Level 1.7 Stealth
 + Level 1.4 Unarmed Combat
 - Level 2.1 Spellcasting
 - Level 3.6 Necromancy


You had 4 spell levels left.
You knew the following spells:

 Your Spells              Type           Power        Failure   Level
a - Pain                  Necr           48%          4%          1

Your spell library contained the following spells:

 Spells                   Type           Power        Failure   Level
 Animate Skeleton         Necr           24%          4%          1
 Vampiric Draining        Necr           6%           16%         3
 Animate Dead             Necr           6%           45%         4
 Agony                    Necr           12%          80%         5


Dungeon Overview and Level Annotations

Branches:
Dungeon (1/15)

Altars:


Innate Abilities, Weirdness & Mutations

You can be seen from farther away. (+LOS)
You can swim through water.
You cover ground slowly.
You can hop short distances.


Message History

Aiming: Pain (safe; 4% risk of failure)
Press: ? - help, Shift-Dir - straight line, f/p - giant cockroach
Aim: a giant cockroach (almost dead, chance to affect: 82%)
The giant cockroach writhes in agony.
You kill the giant cockroach!
The bat closely misses you.
Casting: Pain (safe; 4% risk of failure)
Confirm with . or Enter, or press ? or * to list all spells.
Aiming: Pain (safe; 4% risk of failure)
Press: ? - help, Shift-Dir - straight line, f - bat
Aim: a bat (chance to affect: 82%)
The bat writhes in agony.
The bat barely misses you. The bat hits you but does no damage.
You barely miss the bat.
The bat is moderately wounded.
The bat hits you but does no damage. The bat closely misses you.
You hit the bat but do no damage.
The bat is moderately wounded.
The bat hits you.
You die...

.....#) #... ### #.# ####
#.. #.# # #.# #.# # #.#
#.# # #.# #.# # ####.#####
#.# # ##...lJb@.# #.# # #
##.![#.###.#####.#########
#..#......#
#.#.....†........
#.......J.#
#.#)###.#########
##.##.##..# #.#.# #.# #
...#...#..# #.#.# #.# #
#..........# #.#.# #.# #
....#..=#..###.#.# #.# .
#...##.##..##....# #.# #


You could see an ooze, a bat and a frilled lizard.

Vanquished Creatures
  A dart slug (D:1)
  A leopard gecko (D:1)
  A bat (D:1)
  2 giant cockroaches (D:1)
  A hobgoblin (D:1)
  2 goblins (D:1)
  A kobold (D:1)
  A rat (D:1)
10 creatures vanquished.

Notes
Turn   | Place    | Note
-------+----------+-------------------------------------------
     0 | D:1      | sahdkjhfkaj the Barachi Necromancer began the quest for the
                  | Orb.
     0 | D:1      | Reached XP level 1. HP: 13/13 MP: 3/3
   123 | D:1      | Reached skill level 1 in Fighting
   291 | D:1      | Reached skill level 1 in Unarmed Combat
   291 | D:1      | Reached XP level 2. HP: 10/21 MP: 5/5
   695 | D:1      | Slain by a bat

Illustrated notes

Levels and vault maps discovered:
D:1:      dpeg_arrival_rhombus, layout_loops_ring, minmay_tromino_v4_b

Skill      XL: |  1 |
---------------+----+-----
Fighting       | 1 |  1.6
Unarmed Combat | 1 |  1.4
Dodging        | |  2.1
Stealth        | |  1.7
Spellcasting   | |  2.1
Necromancy     | |  3.6

Action                   || total
-------------------------++-------
Melee: Dagger            ||    61
       Unarmed           ||    18
 Cast: Pain              ||     5
 Abil: Hop               ||     1
 Stab: Sleeping          ||     1
Armor: Robe              ||    22
Dodge: Dodged            ||    67

Table legend: (Time is in decaauts)
 A = Elapsed time spent in this place.
 B = Non-inter-level travel time spent in this place.
 C = Inter-level travel time spent in this place.
 D = Time resting spent in this place.
 E = Time spent auto-exploring this place.
 F = Levels seen in this place.
 G = Mean time per level.
                   A        B        C        D        E       F      G
               +--------+--------+--------+--------+--------+-----+--------+
         Total |    720 |    699 |     21 |      0 |    552 |   1 |  720.0 |
       Dungeon |    720 |    699 |     21 |      0 |    552 |   1 |  720.0 |
               +--------+--------+--------+--------+--------+-----+--------+

Top non-repeatable levels by time:
     D:1: 720 daAuts
